 Dungeon Crawl Stone Soup version 0.30.1-11-g7821555f0a (webtiles) character file.

Game seed: 16024841864447997618

7 DemonSlayer the Digger (level 1, 0/13 HPs)
             Began as a Demonspawn Earth Elementalist on Nov 14, 2023.
             Slain by a hobgoblin (5 damage)
             ... on level 1 of the Dungeon.
             The game lasted 00:00:30 (375 turns).

DemonSlayer the Digger (DsEE)                        Turns: 375, Time: 00:00:30

Health: 0/13       AC:  2    Str:  8    XL:     1   Next: 83%
Magic:  3/3        EV: 12    Int: 16    God:
Gold:   0          SH:  0    Dex: 13    Spells: 3/4 levels left

rFire   . . .        d - +0 dagger
rCold   . . .        (no shield)
rNeg    . . .        a - +0 robe
rPois   .            (no helmet)
rElec   .            (no cloak)
rCorr   .            (no gloves)
SInv    .            (no boots)
Will    .....        (no amulet)
Stlth   ++           (no ring)
HPRegen 0.22/turn    (no ring)
MPRegen 0.08/turn

%: no passive effects
@: no status effects
A: no striking features
a: no special abilities


You were on level 1 of the Dungeon.
You visited 1 branch of the dungeon, and saw 1 of its levels.

Inventory:

Hand Weapons
 d - a +0 dagger (weapon)
Armour
 a - a +0 robe (worn)
Scrolls
 c - a scroll of immolation {unknown}
 e - a scroll of teleportation {unknown}
 f - a scroll of identify {unknown}


   Skills:
 + Level 2.0 Dodging
 + Level 1.8 Stealth
 + Level 2.1 Spellcasting
 + Level 0.8 Transmutations
 + Level 2.8 Earth Magic


You had 3 spell levels left.
You knew the following spells:

 Your Spells              Type           Power      Damage    Failure   Level
a - Sandblast             Erth           20%        2d7       6%          1

Your spell library contained the following spells:

 Spells                   Type           Power      Damage    Failure   Level
 Passwall                 Tmut/Erth      5%         N/A       14%         2
 Blink                    Tloc           2%         N/A       30%         2
 Stone Arrow              Conj/Erth      12%        3d7       34%         3
 Petrify                  Tmut/Erth      7%         N/A       67%         4
 Manifold Assault         Tloc           1%         N/A       90%         4
 Storm Form               Tmut/Air       1%         N/A       100%        7


Dungeon Overview and Level Annotations

Branches:
Dungeon (1/15)

Altars:


Message History

Things that are here:
a +0 dagger; a goblin corpse
d - a +0 dagger
d - a +0 dagger (weapon)
Setting a skill training target for Short Blades at 10.0.
HP restored.
Found a scale mail.
Found a robe.
Found 2 stones.
e - a scroll labelled ETAASI IZYNI
Found 5 stones.
No target in view!
No target in view!
No target in view!
No target in view!
You open the door.
There is an open door here.
f - a scroll labelled LYPPOFREMM
Found a stone staircase leading down.
There is a stone staircase leading down here.
A hobgoblin comes into view.
Found a scroll labelled SINGEZ WIOREGO.
The hobgoblin moves out of view.
Found 6 gold pieces.
A hobgoblin is nearby!
You can't see any susceptible monsters within range! (Use Z to cast anyway.)
You can't see any susceptible monsters within range! (Use Z to cast anyway.)
You can't see any susceptible monsters within range! (Use Z to cast anyway.)
You see here a scroll labelled SINGEZ WIOREGO.
A hobgoblin is nearby!
A hobgoblin is nearby!
The blast of sand misses the hobgoblin.
The hobgoblin hits you. The hobgoblin misses you.
The blast of sand misses the hobgoblin.
The hobgoblin misses you.
The blast of sand hits the hobgoblin.
The hobgoblin is severely wounded.
The hobgoblin closely misses you. The hobgoblin hits you.
You are too injured to fight recklessly!
You are too injured to fight recklessly!
Magic courses through your body. The hobgoblin hits you.
You die...

..####...####....##..
#######.#######..##..
.............#..#..
..#..######.#..#..
..#..#### #.#.....
#.#.....###.#...##
#.#.###..##.#.....
#.#...##.##.#.....
#@....##..#.##.###
......g.....###..>...# #
............# ######## #
.............# #
.............# #
.............# #### #
............... ...# #
..$..........######.####
..........


You could see a hobgoblin.

Vanquished Creatures
  A dart slug (D:1)
  A bat (D:1)
  A goblin (D:1)
  2 rats (D:1)
5 creatures vanquished.

Notes
Turn   | Place    | Note
-------+----------+-------------------------------------------
     0 | D:1      | DemonSlayer the Demonspawn Earth Elementalist began the
                  | quest for the Orb.
     0 | D:1      | Reached XP level 1. HP: 13/13 MP: 3/3
   375 | D:1      | Slain by a hobgoblin

Illustrated notes

Levels and vault maps discovered:
D:1:      eino_arrival_water_star, layout_basic, wad_floor_pattern_2

Skill      XL: |  1 |
---------------+----+-----
Dodging        | 2 |  2.0
Stealth        | |  1.8
Spellcasting   | |  2.1
Transmutations | |  0.8
Earth Magic    | |  2.8

Action                     || total
---------------------------++-------
  Melee: Unarmed           ||     1
   Cast: Sandblast         ||    12
    Use: Potion            ||     1
  Dodge: Dodged            ||     6
